 Dungeon Crawl Stone Soup version 0.31.0-11-ge490571c62 (webtiles) character file.

Game seed: 4593856571354481771

70386 browni3141 the Destroyer (level 14, -6/95 (110) HPs)
             Began as a Demonspawn Conjurer on Jan 30, 2024.
             Was a High Priest of Vehumet.
             Mangled by an orc warlord
             ... wielding a +1 great mace of draining
              (23 damage)
             ... on level 1 of the Orcish Mines.
             The game lasted 00:56:32 (24267 turns).

browni3141 the Destroyer (Demonspawn Conjurer)     Turns: 24267, Time: 00:56:32

HP:   -6/95 (110)   AC: 12    Str:  9    XL:     14   Next: 93%
MP:   10/27         EV: 27    Int: 22    God:    Vehumet [*****.]
Gold: 1383          SH:  0    Dex: 24    Spells: 8/32 levels left

rFire   + + +        J - +1 trident (flame)
rCold   + . .        (no shield)
rNeg    . . .        s - +3 leather armour {rC+}
rPois   .            (helmet restricted)
rElec   .            Y - +2 cloak
rCorr   .            Q - +1 pair of gloves "Gyggeir" {rF+ Dex+8}
SInv    .            (no boots)
Will    +....        T - amulet of regeneration
Stlth   +++++        y - +5 ring of evasion
HPRegen 1.15/turn    d - ring "Vifixt" {Wiz rF++}
MPRegen 0.20/turn

%: wizardry (x1)
@: mighty, heavily drained
A: antennae 1, thin skeletal structure 2, powered by death 3, powered by pain 1
a: Renounce Religion


You were on level 1 of the Orcish Mines.
You worshipped Vehumet.
Vehumet was extremely pleased with you.
You visited 4 branches of the dungeon, and saw 18 of its levels.
You also visited: Volcano.

You collected 1599 gold pieces.
You spent 216 gold pieces at shops.

Inventory:

Hand Weapons
 J - a +1 trident of flaming (weapon)
Missiles
 t - 16 boomerangs
 M - 7 curare-tipped darts
 P - 3 throwing nets
Armour
 k - a scarf of resistance
 s - a +3 leather armour of cold resistance (worn)
 C - a +0 pair of gloves
 Q - the +1 pair of gloves "Gyggeir" (worn) {rF+ Dex+8}
   (You acquired it on level 1 of the Lair of Beasts)

   Dex+8:     It affects your dexterity (+8).
   rF+:       It protects you from fire.
 X - a +4 chain mail of fire resistance
 Y - a +2 cloak (worn)
Jewellery
 a - the ring "Kaoxoz" {Wiz Int+3 Dex+3}
   (You found it on level 10 of the Dungeon)

   [ring of wizardry]

   Wiz:       It improves your spell success rate.
   Int+3:     It affects your intelligence (+3).
   Dex+3:     It affects your dexterity (+3).
 d - the ring "Vifixt" (right hand) {Wiz rF++}
   (You took it off an ogre mage on level 10 of the Dungeon)

   [ring of wizardry]

   Wiz:       It improves your spell success rate.
   rF++:      It greatly protects you from fire.
 e - the ring "Diupith" {+Blink rPois rF+ rC- Int+3}
   (You found it on level 10 of the Dungeon)

   [ring of poison resistance]

   Int+3:     It affects your intelligence (+3).
   rF+:       It protects you from fire.
   rC-:       It makes you vulnerable to cold.
   rPois:     It protects you from poison +Blink: It lets you blink.
 n - a ring of see invisible
 y - a +5 ring of evasion (left hand)
 z - a ring of positive energy
 N - the ring of Lady Luck {rPois rF+ rN+ Int+3 Dex-2}
   (You took it off a centaur warrior on level 10 of the Dungeon)

   [ring of positive energy]

   Int+3:     It affects your intelligence (+3).
   Dex-2:     It affects your dexterity (-2).
   rF+:       It protects you from fire.
   rPois:     It protects you from poison rN+: It protects you from negative
   energy.
 R - a ring of flight
 T - an amulet of regeneration (around neck)
 W - an amulet of guardian spirit
Wands
 D - a wand of flame (22)
 F - a wand of iceblast (10)
 G - a wand of digging (16)
 H - a wand of light (9)
Scrolls
 c - 3 scrolls of fear
 f - 5 scrolls of immolation
 g - 5 scrolls of vulnerability
 h - 4 scrolls of torment
 i - a scroll of summoning {unknown}
 m - 2 scrolls of enchant armour
 o - 4 scrolls of fog
 r - 3 scrolls of identify
 u - 3 scrolls of blinking
 B - 2 scrolls of amnesia
 E - 5 scrolls of teleportation
 I - 2 scrolls of enchant weapon
 S - a scroll of noise {unknown}
Potions
 b - 3 potions of magic
 l - 4 potions of curing
 p - 3 potions of degeneration {unknown}
 q - 4 potions of brilliance
 v - 4 potions of enlightenment {unknown}
 w - 3 potions of cancellation {unknown}
 x - 3 potions of lignification {unknown}
 A - 5 potions of attraction {unknown}
 K - 2 potions of mutation {unknown}
 O - 2 potions of berserk rage {unknown}
 U - 4 potions of might {unknown}
 V - 5 potions of heal wounds
 Z - 6 potions of ambrosia {unknown}
Miscellaneous
 j - a tin of tremorstones (inert)
 L - a sack of spiders


   Skills:
 - Level 10.0 Fighting
 - Level 8.0 Polearms
 - Level 5.0 Armour
 * Level 13.1 Dodging
 - Level 3.0 Stealth
 * Level 9.6 Spellcasting
 - Level 14.0 Conjurations
 * Level 3.5 Fire Magic
 - Level 4.0 Alchemy
 - Level 3.0 Evocations


You had 8 spell levels left.
You knew the following spells:

 Your Spells              Type           Power      Damage    Failure   Level
a - Magic Dart            Conj           100%       1d8       0%          1
b - Searing Ray           Conj           100%       2d8       1%          2
c - Fulminant Prism       Conj/Alch      25%        3d14      1%          4
d - Hailstorm             Conj/Ice       41%        3d9       1%          3
e - Iskenderun's Mystic   Conj/Tloc      41%        2d9       1%          4
f - Flame Wave            Conj/Fire      49%        2d12      1%          4
g - Starburst             Conj/Fire      24%        6d8       4%          6

Your spell library contained the following spells:

 Spells                   Type           Power      Damage    Failure   Level
 Shock                    Conj/Air       100%       1d9       1%          1
 Sting                    Conj/Alch      100%       1d9       1%          1
 Apportation              Tloc           20%        N/A       3%          1
 Necrotise                Necr           40%        1d6       3%          1
 Summon Small Mammal      Summ           40%        N/A       3%          1
 Ensorcelled Hibernation  Hex/Ice        20%        N/A       4%          2
 Airstrike                Air            5%         2d(1-17)  9%          4
 Fugue of the Fallen      Necr           10%        N/A       10%         3
 Swiftness                Air            10%        N/A       10%         3
 Anguish                  Hex/Necr       5%         N/A       32%         4


Dungeon Overview and Level Annotations

Branches:
Dungeon (11/15)            Temple (1/1) D:6            Lair (5/5) D:8
 Shoals (0/4) Lair:2        Snake (0/4) Lair:3        Slime (0/5) Lair:4
    Orc (1/2) D:10        Volcano (visited)

Altars:
Ashenzari
Cheibriados
Dithmenos
Fedhas
Gozag
Hepliaklqana
Kikubaaqudgha
Makhleb
Nemelex Xobeh
Okawaru
Qazlal
Ru
Sif Muna
Trog
Uskayaw
Vehumet
Wu Jian
Xom
Yredelemnul
Jiyva

Shops:
D:3 (   D:5 !=   D:9 !

Annotations:
D:3 3 runed translucent doors, Minsecho's ghost, amateur SpMo
D:4 1 runed translucent door, Driedwater's ghost, amateur DENe
D:10 3 runed translucent doors
Temple 2 transporters
Lair:4 2 transporters


Innate Abilities, Weirdness & Mutations

You have a pair of small antennae on your head.
You have a moderately thin skeletal structure. (Dex +4, Stealth++)
You regenerate a lot of health from kills.
You sometimes gain a little power by taking damage.


Message History

The orc warrior is severely wounded.
The orc warrior is knocked back by the mystic blast.
Your fulminant prism crackles loudly.
Your fulminant prism explodes!
The blast of energy engulfs the orc warrior!!
You kill the orc warrior!
Vehumet accepts your kill.
You feel your power returning.
The blast of energy engulfs the orc warlord!
The orc warlord is moderately wounded.
The blast of energy engulfs the orc!!
You kill the orc!
Vehumet accepts your kill.
You feel your power returning.
Casting: Iskenderun's Mystic Blast (mildly dangerous; 1% risk of failure)
Confirm with . or Enter, or press ? or * to list all spells.
Aiming: Fulminant Prism (safe; 1% risk of failure)
Press: ? - help, Dir - move target You conjure a prism of explosive energy!
A fulminant prism comes into view.
The orc warlord shoots a bolt.
The bolt completely misses you.
Casting: Fulminant Prism (safe; 1% risk of failure)
Confirm with . or Enter, or press ? or * to list all spells.
Aiming: Fulminant Prism (safe; 1% risk of failure)
Press: ? - help, Dir - move target You conjure a prism of explosive energy!
A fulminant prism comes into view.
The orc warlord shoots a bolt.
The bolt hits you.
Your fulminant prism crackles loudly.
The orc warlord shoots a bolt.
The bolt hits you!!
You focus on the pain.
You feel very mighty all of a sudden.
Your fulminant prism crackles loudly.
Your fulminant prism explodes!
The blast of energy engulfs the orc warlord!
The orc warlord is moderately wounded.
Your fulminant prism explodes!
The blast of energy engulfs the orc warlord!
The orc warlord is heavily wounded.
Casting: Fulminant Prism (safe; 1% risk of failure)
Confirm with . or Enter, or press ? or * to list all spells.
Aiming: Fulminant Prism (safe; 1% risk of failure)
Press: ? - help, Dir - move target You conjure a prism of explosive energy!
A fulminant prism comes into view.
Casting: Fulminant Prism (safe; 1% risk of failure)
Confirm with . or Enter, or press ? or * to list all spells.
Aiming: Fulminant Prism (safe; 1% risk of failure)
Press: ? - help, Dir - move target You conjure a prism of explosive energy!
A fulminant prism comes into view.
The orc warlord shoots a bolt.
The bolt completely misses you.
Your fulminant prism crackles loudly.
You reach to attack!
You hit the orc warlord. You burn the orc warlord.
The orc warlord is heavily wounded.
A warg comes into view.
The orc warlord shoots a bolt.
The bolt barely misses you.
You reach to attack!
The warg howls!
You hit the orc warlord. You burn the orc warlord.
The orc warlord is heavily wounded.
Your fulminant prism explodes!
The blast of energy engulfs the orc warlord!!
The orc warlord is severely wounded.
Your fulminant prism crackles loudly.
Casting: Fulminant Prism (safe; 1% risk of failure)
Confirm with . or Enter, or press ? or * to list all spells.
You erupt in a blast of force!
The mystic blast hits the orc warlord but does no damage.
The orc warlord is severely wounded.
Your fulminant prism explodes!
The blast of energy engulfs the orc warlord!
The orc warlord is almost dead.
The orc warlord unwields a +0 arbalest.
The orc warlord wields a +1 great mace of draining.
You sense an unholy aura.
The orc warlord hits you with a +1 great mace of draining!!
You feel drained.
You hit the orc warlord but do no damage.
The orc warlord is almost dead.
The orc warlord completely misses you.
You puncture the orc warlord! You burn the orc warlord.
The orc warlord is almost dead.
The orc warlord hits you with a +1 great mace of draining!!
You focus on the pain.
You feel mightier all of a sudden.
You feel drained.
You hit the orc warlord but do no damage.
The orc warlord is almost dead.
The warg misses you.
The orc warlord hits you with a +1 great mace of draining!!
You focus on the pain.
You feel your power returning.
You feel drained.
Casting: Iskenderun's Mystic Blast (mildly dangerous; 1% risk of failure)
Confirm with . or Enter, or press ? or * to list all spells.
You erupt in a blast of force!
The mystic blast hits the warg!
The warg is moderately wounded.
The warg is knocked back by the mystic blast.
The mystic blast hits the orc warlord but does no damage.
The orc warlord is almost dead.
The orc warlord hits you with a +1 great mace of draining!!
You die...

......###.....
......#......
.....#.....#
)..)......
)......# #).$..#
#.o$..# ###@..###
#.......##
###..h.....# ##
#.....##...###
#.##....## .....#
##......# ##....
#.......###......
###......#......#
###..........#
###


You could see an orc warlord and a warg.

Vanquished Creatures
  A red draconian (Volcano)
  Snorg (Lair:5)
  A fire dragon (Lair:5)
  Harold (Lair:1)
  A hydra (Lair:4)
  A centaur warrior (D:10)
  2 ogre magi
  Erica (Lair:1)
  8 death yaks
  A catoblepas (Lair:4)
  6 two-headed ogres (Volcano)
  A hell hog (Lair:5)
  Sonja (Lair:5)
  A harpy (Lair:2)
  2 lindwurms (Lair:5)
  A deep elf pyromancer (D:9)
  An orc knight (Orc:1)
  2 ugly things (D:10)
  A cyclops (D:10)
  5 elephants
  5 black mambas
  A slime creature (D:10)
  16 cane toads
  6 torpor snails
  12 rime drakes
  An unseen horror (D:10)
  6 komodo dragons
  Psyche (D:10)
  3 tyrant leeches (Lair:5)
  7 hornets (Lair:5)
  2 trolls
  10 polar bears
  A queen bee (Lair:2)
  12 blink frogs
  2 raiju (Lair:5)
  8 dream sheep
  Sigmund (D:4)
  47 yaks
  A shadow (D:8)
  12 wyverns
  4 steam dragons
  A wraith (D:10)
  6 wargs
  4 vampire mosquitoes
  7 basilisks
  6 nagas (Lair:3)
  15 hell hounds (Lair:5)
  9 water moccasins
  A sky beast (D:8)
  7 orc warriors
  13 black bears
  22 wolves
  5 ogres
  A phantom (D:7)
  3 centaurs
  2 kobold brigands (D:9)
  16 bullfrogs
  A scorpion (D:6)
  17 wights
  29 killer bees
  2 bombardier beetles (D:3)
  A howler monkey (D:8)
  10 orc priests
  A hound (D:5)
  A gnoll bouda (D:9)
  10 jellies
  2 iguanas
  A sleepcap (D:4)
  20 orc wizards
  16 hell rats
  4 gnolls
  9 adders
  8 river rats
  2 shadow imps (D:4)
  4 ufetubi
  3 ribbon worms
  2 dart slugs
  51 orcs
  6 endoplasms
  2 giant cockroaches (D:1)
  4 goblins
  17 hobgoblins
  3 jackals (D:3)
  5 quokkas
  11 ball pythons
  8 bats
  5 frilled lizards
  11 kobolds
  20 rats
601 creatures vanquished.

Vanquished Creatures (collateral kills)
  A meliai (D:9)
  3 elephants (Lair:2)
  A cane toad (Lair:4)
  2 rime drakes (Lair:4)
  5 yaks (D:9)
  2 basilisks
  Grum (Lair:1)
  A wolf (Lair:2)
  3 killer bees (Lair:2)
  An orc priest (D:7)
  A hell rat (Lair:2)
  An orc (D:7)
22 creatures vanquished.

Vanquished Creatures (others)
  2 meliai (D:9)
  A yak (Lair:1)
  2 killer bees (Lair:2)
  151 fulminant prisms
156 creatures vanquished.

Grand Total: 779 creatures vanquished

Notes
Turn   | Place    | Note
-------+----------+-------------------------------------------
     0 | D:1      | browni3141 the Demonspawn Conjurer began the quest for the
                  | Orb.
     0 | D:1      | Reached XP level 1. HP: 13/13 MP: 3/3
   227 | D:1      | Gained mutation: You regenerate a little health from kills.
                  | [demonic ancestry]
   227 | D:1      | Reached XP level 2. HP: 19/19 MP: 0/5
   647 | D:1      | Reached skill level 1 in Polearms
  1023 | D:2      | Gained mutation: You regenerate health from kills. [demonic
                  | ancestry]
  1023 | D:2      | Reached XP level 3. HP: 24/24 MP: 1/6
  2119 | D:3      | Reached XP level 4. HP: 30/30 MP: 2/7
  2266 | D:3      | Learned a level 2 spell: Searing Ray
  2532 | D:3      | Found Zarchuen's Weapon Boutique.
  2827 | D:3      | Reached XP level 5. HP: 35/35 MP: 2/8
  3427 | D:3      | Found a runed translucent gate.
  3427 | D:3      | Found a runed translucent gate.
  3427 | D:3      | Found a runed translucent gate.
  3432 | D:3      | Noticed Minsecho's ghost (amateur SpMo)
  3846 | D:4      | Found a runed translucent door.
  3846 | D:4      | Noticed Driedwater's ghost (amateur DENe)
  4041 | D:4      | Noticed Sigmund
  4049 | D:4      | Killed Sigmund
  4050 | D:4      | Reached skill level 5 in Polearms
  4050 | D:4      | Reached skill level 5 in Conjurations
  4050 | D:4      | Gained mutation: You have a somewhat thin skeletal
                  | structure. (Dex +2, Stealth+) [demonic ancestry]
  4050 | D:4      | Reached XP level 6. HP: 41/41 MP: 3/9
  4697 | D:4      | Gained mutation: You regenerate a lot of health from kills.
                  | [demonic ancestry]
  4697 | D:4      | Reached XP level 7. HP: 46/46 MP: 5/10
  4699 | D:4      | Reached skill level 6 in Conjurations
  5034 | D:5      | Entered Level 5 of the Dungeon
  5392 | D:5      | Reached skill level 1 in Fighting
  5886 | D:5      | Found Wapnoirhasch's Distillery.
  5891 | D:5      | Found Safozxin's Jewellery Emporium.
  5904 | D:5      | Bought a potion of curing for 36 gold pieces
  5904 | D:5      | Bought a potion of haste for 120 gold pieces
  5904 | D:5      | Bought a potion of heal wounds for 60 gold pieces
  6335 | D:6      | Found a staircase to the Ecumenical Temple.
  6381 | Temple   | Found a transporter.
  6381 | Temple   | Found a transporter.
  6381 | Temple   | Found a transporter.
  6381 | Temple   | Found a transporter.
  6381 | Temple   | Entered the Ecumenical Temple
  6396 | Temple   | Became a worshipper of Vehumet
  6508 | D:6      | Reached XP level 8. HP: 24/56 MP: 3/12
  6726 | D:6      | Reached skill level 7 in Conjurations
  6894 | D:6      | Found an ornate altar of the Wu Jian Council.
  7117 | D:6      | Found a shimmering altar of Xom.
  7434 | D:7      | Reached skill level 8 in Conjurations
  7582 | D:7      | Found a shadowy altar of Dithmenos.
  7674 | D:7      | Reached * piety under Vehumet
  7674 | D:7      | Offered knowledge of Kiss of Death by Vehumet.
  8482 | D:8      | Reached skill level 5 in Spellcasting
  8488 | D:8      | Reached XP level 9. HP: 23/58 MP: 0/16
  8989 | D:7      | Learned a level 4 spell: Fulminant Prism
  8998 | D:8      | Reached skill level 1 in Alchemy
  9669 | D:8      | Reached skill level 9 in Conjurations
  9921 | D:8      | Found a sparkling altar of Nemelex Xobeh.
  9966 | D:8      | Reached skill level 10 in Conjurations
 10367 | D:8      | Found a staircase to the Lair.
 10548 | D:9      | Found Wixor's Distillery.
 10572 | D:9      | Offered knowledge of Foxfire by Vehumet.
 10579 | D:9      | Reached ** piety under Vehumet
 10686 | D:9      | Gained mutation: You sometimes gain a little power by
                  | taking damage. [demonic ancestry]
 10686 | D:9      | Reached XP level 10. HP: 63/67 MP: 13/19
 10866 | D:9      | Noticed a meliai
 10868 | D:9      | Noticed a meliai
 10869 | D:9      | Noticed a meliai
 10875 | D:9      | Killed a meliai
 10905 | D:9      | Found a shimmering blue altar of Sif Muna.
 10941 | D:9      | Reached skill level 11 in Conjurations
 10967 | D:9      | Offered knowledge of Hailstorm by Vehumet.
 10972 | D:9      | Learned a level 3 spell: Hailstorm
 11105 | D:9      | Noticed a deep elf pyromancer
 11506 | D:9      | Killed a deep elf pyromancer
 11624 | D:10     | Entered Level 10 of the Dungeon
 11687 | D:10     | Found a runed translucent door.
 11690 | D:10     | Found a runed translucent door.
 11690 | D:10     | Found a runed translucent door.
 11690 | D:10     | Noticed a gargoyle
 12074 | D:10     | Reached XP level 11. HP: 72/72 MP: 15/21
 12479 | D:10     | Found an opulent altar of Gozag.
 12594 | D:10     | Identified the ring of Lady Luck {rPois rF+ rN+ Int+3
                  | Dex-2}
 12594 | D:10     | Noticed a centaur warrior
 12599 | D:10     | Noticed a green ugly thing
 12599 | D:10     | Noticed a cyan ugly thing
 12600 | D:10     | Killed a centaur warrior
 12775 | D:11     | Reached *** piety under Vehumet
 12779 | D:11     | Reached skill level 12 in Conjurations
 12800 | D:11     | Noticed a two-headed ogre
 12955 | Lair:1   | Entered Level 1 of the Lair of Beasts
 13185 | Lair:1   | Noticed Harold
 13200 | Lair:1   | Killed Harold
 13214 | Lair:1   | Reached skill level 5 in Fighting
 13217 | Lair:1   | Noticed Grum
 13229 | Lair:1   | Offered knowledge of Inner Flame by Vehumet.
 13242 | Lair:1   | Killed Grum
 13657 | Lair:1   | Reached skill level 13 in Conjurations
 13734 | Lair:1   | Learned a level 4 spell: Iskenderun's Mystic Blast
 13747 | Lair:1   | Identified a scroll of acquirement
 13821 | Lair:1   | Acquired the +1 pair of gloves "Gyggeir" {rF+ Dex+8}
 13895 | Lair:1   | Noticed Erica
 13896 | Lair:1   | Gained mutation: You have a moderately thin skeletal
                  | structure. (Dex +4, Stealth++) [demonic ancestry]
 13896 | Lair:1   | Reached XP level 12. HP: 88/88 MP: 18/24
 13899 | Lair:1   | Killed Erica
 13904 | Lair:1   | Noticed a death yak
 13906 | Lair:1   | Noticed a death yak
 13916 | Lair:1   | Noticed a death yak
 13992 | Lair:1   | Killed a death yak
 14259 | Lair:1   | Killed a death yak
 14377 | Lair:1   | Killed a death yak
 14591 | Lair:1   | You fall into a shaft and drop 1 floor!
 14662 | Lair:2   | Reached **** piety under Vehumet
 14666 | Lair:2   | Reached skill level 5 in Dodging
 14666 | Lair:2   | Offered knowledge of Frozen Ramparts by Vehumet.
 14667 | Lair:2   | Reached skill level 14 in Conjurations
 15001 | Lair:2   | Found a dark tunnel.
 15007 | Volcano  | Entered a volcano
 15015 | Volcano  | Noticed a two-headed ogre
 15024 | Volcano  | Killed a two-headed ogre
 15085 | Volcano  | Noticed a two-headed ogre
 15096 | Volcano  | Killed a two-headed ogre
 15102 | Volcano  | Noticed a two-headed ogre
 15108 | Volcano  | Noticed a two-headed ogre
 15110 | Volcano  | Killed a two-headed ogre
 15114 | Volcano  | Killed a two-headed ogre
 15114 | Volcano  | Noticed an ogre mage
 15127 | Volcano  | Killed an ogre mage
 15128 | Volcano  | Gained mutation: You have a pair of small antennae on your
                  | head. [demonic ancestry]
 15128 | Volcano  | Reached XP level 13. HP: 93/93 MP: 6/25
 15156 | Volcano  | Noticed a red draconian
 15171 | Volcano  | Killed a red draconian
 15335 | Volcano  | Found a bloodstained altar of Trog.
 15360 | Volcano  | Reached skill level 10 in Dodging
 15728 | Lair:2   | Reached ***** piety under Vehumet
 15731 | Lair:2   | Offered knowledge of Spellforged Servitor by Vehumet.
 16329 | Lair:2   | Found a staircase to the Shoals.
 16726 | Lair:3   | Reached skill level 1 in Armour
 17695 | Lair:3   | Reached skill level 5 in Armour
 17819 | Lair:3   | Found a staircase to the Snake Pit.
 18374 | Lair:4   | Offered knowledge of Flame Wave by Vehumet.
 18385 | Lair:3   | Learned a level 4 spell: Flame Wave
 18975 | Lair:4   | Found a staircase to the Slime Pits.
 18982 | Lair:4   | Found a viscous altar of Jiyva.
 19420 | Lair:4   | Reached XP level 14. HP: 60/105 MP: 26/26
 19597 | Lair:4   | Found the +15 Maxwell's patent armour {-Cast -Tele rElec
                  | Will+ rCorr}
 19608 | Lair:4   | Found a transporter.
 19796 | Lair:4   | Found a transporter.
 19988 | Lair:5   | Entered Level 5 of the Lair of Beasts
 19994 | Lair:5   | Noticed Snorg
 20342 | Lair:5   | Killed Snorg
 20508 | Lair:5   | Noticed Sonja
 20576 | Lair:5   | Killed Sonja
 21301 | Lair:5   | Offered knowledge of Starburst by Vehumet.
 21618 | Lair:5   | Reached skill level 1 in Fire Magic
 23322 | Lair:5   | Learned a level 6 spell: Starburst
 23513 | D:10     | Identified the ring "Vifixt" {Wiz rF++}
 23514 | D:10     | Noticed Psyche
 23518 | D:10     | Reached skill level 10 in Fighting
 23523 | D:10     | Killed Psyche
 23696 | D:10     | Identified the ring "Diupith" {+Blink rPois rF+ rC- Int+3}
 23705 | D:10     | Identified the ring "Kaoxoz" {Wiz Int+3 Dex+3}
 23958 | D:10     | Found a staircase to the Orcish Mines.
 24080 | Orc:1    | Entered Level 1 of the Orcish Mines
 24246 | Orc:1    | Noticed an orc warlord
 24267 | Orc:1    | Mangled by an orc warlord

Illustrated notes

Levels and vault maps discovered:
D:1:      dpeg_chamrin_arrival_tetris, layout_rooms
D:2:      layout_basic
D:3:      layout_loops_ring, gammafunk_ghost_necromancy, serial_shops,
          nicolae_shop_bloodbath_and_beyond, grunt_ministairs_13,
          minmay_misc_feat_cross, minmay_misc_feat_more_columns,
          serial_bayou_lagoon_b
D:4:      layout_loops_corners, serial_demonic, serial_demonic_a,
          serial_demonic_c, serial_demonic_f, serial_demonic_c,
          gammafunk_ghost_grave, uniq_sigmund
D:5:      layout_cave_pods, nicolae_wooded_promenade
D:6:      layout_basic, mainiacjoe_overflow_surrounded_room,
          mainiacjoe_overflow_concentric_impassable, temple_doors_cd
D:7:      layout_loops_cross, grunt_dithmenos_smoke, elyvilon_altar_1
D:8:      layout_cave_pods, nemelex_xobeh_ov_fountains_minmay,
          erik_lair_orcish_takeover, ebering_dispersal_statue_hall
D:9:      layout_rooms, old_standard_altar, serial_shops, shop, billiards_dpeg
D:10:     minmay_the_grid_triangle_9x9_recursive_2_mashed
          [minmay_the_grid_triangle_9x9_prize_special,
          minmay_the_grid_triangle_9x9_minimal,
          minmay_the_grid_triangle_9x9_impossible_snake,
          minmay_the_grid_triangle_9x9_fully_insulated_deathbox],
          layout_long_grid, nicolae_gozag_seed_capital, orc_0_dummy, uniq_psyche
D:11:     layout_small_grid
Temple:   hellmonk_temple_divided_pantheon
Lair:1:   layout_cave_pods, grunt_forest_small_clearing_treed, uniq_grum,
          uniq_erica, uniq_harold
Lair:2:   regret_index_bee_streams, layout_regular_city,
          nicolae_shoals_entry_roost, nicolae_volcano_entry_s_turn, st_stairs_5,
          lemuel_fruit_tree
Lair:3:   lemuel_ratsnest, layout_chaotic_city,
          minmay_snake_entry_guardpost_large
Lair:4:   gammafunk_cloud_chamber, layout_long_grid,
          nicolae_slime_entry_field_trip, special_room
          [special_room_mythical_zoo], chequers_serial_rivers_room_a,
          serial_bayou_shore_b
Lair:5:   hangedman_lair_caniforms_friends, layout_gridlike, wormcave,
          uniq_sonja, uniq_snorg
Orc:1:    layout_diamond_mine, serial_shops, nicolae_shop_crystal,
          ebering_ghost_reflecting_pool

Skill      XL: |  1  2  3  4  5  6  7  8  9 10 11 12 13 14 |
---------------+-------------------------------------------+-----
Dodging        | 2 3 9 11 13 | 13.1
Stealth        | 2 3 |  3.0
Polearms       | 1 2 4 5 7 8 |  8.0
Conjurations   | 5 6 8 10 11 13 14 | 14.0
Fighting       | 2 6 8 10 | 10.0
Spellcasting   | 3 5 6 7 8 9 |  9.6
Evocations     | 3 |  3.0
Alchemy        | 4 |  4.0
Armour         | 5 |  5.0
Fire Magic     | 3 |  3.5

Action                     |  1- 3 |  4- 6 |  7- 9 | 10-12 | 13-15 || total
---------------------------+-------+-------+-------+-------+-------++-------
  Melee: Spear             |     7 |    94 |    93 |       |       ||   194
         Punch             |       |     2 |     2 |     5 |    21 ||    30
         Trident           |       |       |    38 |   224 |   907 ||  1169
  Throw: Dart              |       |     2 |       |       |       ||     2
   Cast: Magic Dart        |    70 |   101 |   211 |    91 |   391 ||   864
         Searing Ray       |       |     5 |    34 |    44 |    13 ||    96
         Fulminant Prism   |       |       |     2 |    65 |    84 ||   151
         Hailstorm         |       |       |       |    11 |       ||    11
         Iskenderun's Myst |       |       |       |     8 |   102 ||   110
         Flame Wave        |       |       |       |       |    33 ||    33
  Evoke: Wand              |       |       |     3 |    14 |    11 ||    28
         Sack of spiders   |       |       |       |     6 |     2 ||     8
         Tin of tremorston |       |       |       |       |     2 ||     2
    Use: Potion            |       |       |       |     6 |       ||     6
         Scroll            |       |       |       |    16 |       ||    16
   Stab: Distracted        |       |       |     1 |       |     3 ||     4
         Sleeping          |       |       |       |       |     3 ||     3
 Armour: Robe              |     4 |    10 |       |       |       ||    14
         Leather armour    |       |    63 |   173 |   242 |   494 ||   972
  Dodge: Dodged            |     3 |    53 |   141 |   301 |  1358 ||  1856
